 Dungeon Crawl Stone Soup version 0.25-a0-583-g696c2ac64d (webtiles) character file.

Game seed: 7397077273712766560, levelgen mode: deterministic

448 Kohma the Insei (level 7, -1/51 (52) HPs)
             Began as a Gnoll Transmuter on Mar 8, 2020.
             Slain by an orc priest
             ... wielding a +0 mace
              (5 damage)
             ... on level 4 of the Dungeon.
             The game lasted 00:04:54 (2940 turns).

Kohma the Insei (Gnoll Transmuter)                  Turns: 2940, Time: 00:04:55

HP:   -1/51 (52)    AC:  2    Str: 12    XL:     7   Next: 3%
MP:   11/15         EV: 24    Int: 17    God:
Gold: 204           SH:  3    Dex: 21    Spells: 6/16 levels left

rFire    . . .     SeeInvis .     - Unarmed
rCold    . . .     Gourm    .   (shield currently unavailable)
rNeg     . . .     Faith    .   (armour currently unavailable)
rPois    x         Spirit   .   (helmet currently unavailable)
rElec    .         Reflect  +   (cloak currently unavailable)
rCorr    .         Harm     .   (gloves currently unavailable)
MR       .....                  (boots currently unavailable)
Stlth    ++........             n - +3 amulet of reflection
HPRegen  0.17/turn              (no ring)
MPRegen  0.14/turn              (no ring)

@: spider-form
A: tiny, distributed training, strong nose
a: End Transformation


You were on level 4 of the Dungeon.
You were very hungry.
You were a venomous arachnid creature.
You visited 1 branch of the dungeon, and saw 4 of its levels.

You collected 204 gold pieces.

Inventory:

Missiles
 a - 57 arrows
 f - 7 curare-tipped darts (quivered)
 o - 11 poisoned darts
Armour
 e - quicksilver dragon scales (melded)
 h - a +2 helmet (melded)
 l - a +0 cloak (melded)
Jewellery
 n - a +3 amulet of reflection (around neck)
Scrolls
 c - a scroll of amnesia {unknown}
 g - 2 scrolls of teleportation
 i - 3 scrolls of identify {unknown}
 j - a scroll of fear {unknown}
 m - 4 scrolls of remove curse
Potions
 b - a potion of brilliance {unknown}
 k - a potion of curing {unknown}
 p - a potion of cancellation {unknown}
Comestibles
 d - 4 rations


   Skills:
 + Level 3.4 Fighting
 + Level 2.2 Short Blades
 + Level 2.2 Long Blades
 + Level 2.2 Axes
 + Level 2.2 Maces & Flails
 + Level 2.2 Polearms
 + Level 2.2 Staves
 + Level 2.2 Slings
 + Level 2.2 Bows
 + Level 2.2 Crossbows
 + Level 2.2 Throwing
 + Level 2.2 Armour
 + Level 5.1 Dodging
 + Level 2.2 Stealth
 + Level 2.2 Shields
 + Level 6.9 Unarmed Combat
 + Level 5.4 Spellcasting
 + Level 1.7 Conjurations
 + Level 1.7 Hexes
 + Level 1.7 Charms
 + Level 1.7 Summonings
 + Level 1.7 Necromancy
 + Level 1.7 Translocations
 + Level 4.2 Transmutations
 + Level 1.7 Fire Magic
 + Level 1.7 Ice Magic
 + Level 1.7 Air Magic
 + Level 1.7 Earth Magic
 + Level 1.7 Poison Magic
 + Level 2.4 Invocations
 + Level 2.2 Evocations


You had 6 spell levels left.
You knew the following spells:

 Your Spells              Type           Power        Failure   Level  Hunger
a - Beastly Appendage     Tmut           ###...       9%          1    None
b - Sticks to Snakes      Tmut           ###.....     12%         2    #......
c - Spider Form           Tmut/Pois      ##........   28%         3    ##.....
d - Ice Form              Ice/Tmut       ##......     58%         4    ####...

Your spell library contained the following spells:

 Spells                   Type           Power        Failure   Level  Hunger
 Blade Hands              Tmut           ###.......   75%         5    ######.


Dungeon Overview and Level Annotations

Branches:
Dungeon (4/15)
 Temple: D:4-7

Altars:
Cheibriados
Elyvilon
Okawaru
Sif Muna


Innate Abilities, Weirdness & Mutations

Your experience applies equally to all skills.
((You have very sharp teeth.))
Your uncanny sense of smell can sniff out nearby items.


Message History

* * * LOW HITPOINT WARNING * * *
You block the necrophage's attack.
You bite the necrophage!
The necrophage is severely damaged.
The necrophage completely misses you.
You bite the necrophage!
The necrophage is almost destroyed.
The necrophage completely misses you.
You hit the necrophage.
You destroy the necrophage!
You have reached level 7!
The orc priest looks encouraged for a moment.
The orc priest looks encouraged for a moment.
There is an open door here.
Things that are here:
a +2 dagger of freezing; a +0 robe You hit the orc priest.
The orc priest is poisoned.
The orc priest is moderately wounded.
The orc priest hits you with a +0 mace.
You die...

#..........#
#..........#
#..........#
##[.........#
............#
..........$.#
.........$..#
##
.......o)...#
.#
#...###s#####
.# # #[# .#
#.# .# #.# .#
#########.#
.#
#.........#
.#
#.#########
.# #.# .# #.#


You could see an orc priest.

Vanquished Creatures
  A phantom (D:4)
  An orc warrior (D:3)
  A necrophage (D:4)
  An orc wizard (D:4)
  A worker ant (D:4)
  A hound skeleton (D:4)
  3 adders (D:2)
  A shadow imp (D:3)
  An ooze (D:3)
  3 dart slugs
  9 orcs
  2 ball pythons
  8 bats
  3 giant cockroaches
  5 goblins
  5 hobgoblins
  2 quokkas
  4 frilled lizards
  4 kobolds
  5 rats
61 creatures vanquished.

Notes
Turn   | Place    | Note
-------+----------+-------------------------------------------
     0 | D:1      | Kohma the Gnoll Transmuter began the quest for the Orb.
     0 | D:1      | Reached XP level 1. HP: 17/17 MP: 6/6
   299 | D:1      | Reached XP level 2. HP: 20/23 MP: 7/7
   742 | D:2      | Reached XP level 3. HP: 25/28 MP: 9/9
   826 | D:2      | Learned a level 2 spell: Sticks to Snakes
   828 | D:2      | Reached skill level 5 in Spellcasting
   836 | D:2      | Learned a level 3 spell: Spider Form
   854 | D:2      | Found a snail-covered altar of Cheibriados.
   856 | D:2      | Found a shimmering blue altar of Sif Muna.
   858 | D:2      | Found a white marble altar of Elyvilon.
   901 | D:2      | Reached skill level 1 in Invocations
   973 | D:2      | Reached skill level 1 in Short Blades
   973 | D:2      | Reached skill level 1 in Long Blades
   973 | D:2      | Reached skill level 1 in Axes
   973 | D:2      | Reached skill level 1 in Maces & Flails
   973 | D:2      | Reached skill level 1 in Polearms
   973 | D:2      | Reached skill level 1 in Staves
   973 | D:2      | Reached skill level 1 in Slings
   973 | D:2      | Reached skill level 1 in Bows
   973 | D:2      | Reached skill level 1 in Crossbows
   973 | D:2      | Reached skill level 1 in Throwing
   973 | D:2      | Reached skill level 1 in Armour
   973 | D:2      | Reached skill level 1 in Stealth
   973 | D:2      | Reached skill level 1 in Shields
   973 | D:2      | Reached skill level 1 in Evocations
  1355 | D:2      | Reached XP level 4. HP: 31/34 MP: 11/11
  1741 | D:3      | Noticed an orc warrior
  1762 | D:3      | Killed an orc warrior
  1762 | D:3      | Reached skill level 1 in Conjurations
  1762 | D:3      | Reached skill level 1 in Hexes
  1762 | D:3      | Reached skill level 1 in Charms
  1762 | D:3      | Reached skill level 1 in Summonings
  1762 | D:3      | Reached skill level 1 in Necromancy
  1762 | D:3      | Reached skill level 1 in Translocations
  1762 | D:3      | Reached skill level 1 in Fire Magic
  1762 | D:3      | Reached skill level 1 in Ice Magic
  1762 | D:3      | Reached skill level 1 in Air Magic
  1762 | D:3      | Reached skill level 1 in Earth Magic
  1762 | D:3      | Reached skill level 1 in Poison Magic
  1762 | D:3      | Reached XP level 5. HP: 22/40 MP: 12/12
  2650 | D:4      | Noticed a phantom
  2682 | D:4      | Killed a phantom
  2682 | D:4      | Reached XP level 6. HP: 32/47 MP: 10/14
  2694 | D:4      | Learned a level 4 spell: Ice Form
  2842 | D:4      | Reached skill level 5 in Dodging
  2862 | D:4      | Found an iron altar of Okawaru.
  2919 | D:4      | Noticed a necrophage
  2935 | D:4      | HP: 2/46 [orc priest/divine providence (16)]
  2938 | D:4      | Killed a necrophage
  2938 | D:4      | Reached XP level 7. HP: 3/51 MP: 10/15
  2940 | D:4      | Slain by an orc priest

Levels and vault maps discovered:
D:1:      dpeg_arrival_another_circle, layout_basic, serial_bayou_pond_a
D:2:      layout_basic, grunt_temple_overflow_open, bh_walls_and_bars
D:3:      layout_basic, minivault_14
D:4:      layout_basic, grunt_dithmenos_shadows, okawaru_metal_pillars_1_2,
          tgw_kikubaaqudgha

Skill      XL: |  1  2  3  4  5  6 |
---------------+-------------------+-----
Spellcasting   | 5 |  5.4
Invocations    | 1 2 |  2.4
Short Blades   | 1 2 |  2.2
Long Blades    | 1 2 |  2.2
Axes           | 1 2 |  2.2
Maces & Flails | 1 2 |  2.2
Polearms       | 1 2 |  2.2
Staves         | 1 2 |  2.2
Slings         | 1 2 |  2.2
Bows           | 1 2 |  2.2
Crossbows      | 1 2 |  2.2
Throwing       | 1 2 |  2.2
Armour         | 1 2 |  2.2
Stealth        | 1 2 |  2.2
Shields        | 1 2 |  2.2
Evocations     | 1 2 |  2.2
Conjurations   | 1 |  1.7
Hexes          | 1 |  1.7
Charms         | 1 |  1.7
Summonings     | 1 |  1.7
Necromancy     | 1 |  1.7
Translocations | 1 |  1.7
Fire Magic     | 1 |  1.7
Ice Magic      | 1 |  1.7
Air Magic      | 1 |  1.7
Earth Magic    | 1 |  1.7
Poison Magic   | 1 |  1.7
Fighting       | 3 |  3.4
Transmutations | 4 |  4.2
Dodging        | 5 |  5.1
Unarmed Combat | |  6.9

Action                   |  1- 3 |  4- 6 |  7- 9 || total
-------------------------+-------+-------+-------++-------
Melee: Unarmed           |    84 |   116 |     1 ||   201
       Bite              |     7 |     7 |       ||    14
       Kick              |     5 |     2 |       ||     7
       Headbutt          |     1 |       |       ||     1
       Punch             |       |     4 |       ||     4
 Cast: Beastly Appendage |     7 |     1 |       ||     8
       Spider Form       |       |    10 |       ||    10
  Use: Scroll            |     3 |       |       ||     3
 Stab: Sleeping          |       |     1 |       ||     1
  Eat: Chunk             |     1 |     5 |       ||     6
Armor: Robe              |    17 |       |       ||    17
       Quicksilver drago |    26 |    19 |       ||    45
       Skin              |       |     3 |       ||     3
Dodge: Dodged            |    98 |   102 |       ||   200
Block: Other             |       |     4 |       ||     4

Table legend:
 A = Non-vault XP
 B = Vault XP
 C = Vault XP percentage of total XP
 D = Non-vault monster count
 E = Vault monster count
 F = Vault count percentage of total count
                 A         B        C        D         E       F
            +---------+---------+-------+---------+---------+-------
      Total |     640 |       0 |   0.0 |      61 |       0 |   0.0
            +---------+---------+-------+---------+---------+-------
        D:1 |      22 |       0 |   0.0 |      13 |       0 |   0.0
        D:2 |      62 |       0 |   0.0 |      16 |       0 |   0.0
        D:3 |     194 |       0 |   0.0 |      23 |       0 |   0.0
        D:4 |     362 |       0 |   0.0 |       9 |       0 |   0.0
            +---------+---------+-------+---------+---------+-------
